 Dungeon Crawl Stone Soup version 0.23.2-1-ga50397a6bc (webtiles) character file.

Game seed: 10684238642989949752

284 Mrkan the Cudgeler (level 6, -6/56 HPs)
             Began as a Minotaur Fighter on May 21, 2019.
             Killed by divine providence
             ... invoked by an orc priest
              (14 damage)
             ... on level 3 of the Dungeon.
             The game lasted 00:02:57 (1642 turns).

Mrkan the Cudgeler (Minotaur Fighter)               Turns: 1642, Time: 00:02:58

Health: -6/56      AC:  6    Str: 21    XL:     6   Next: 7%
Magic:  5/5        EV:  7    Int:  5    God:
Gold:   161        SH: 10    Dex: 11    Spells: 5/5 levels left

rFire    . . .     SeeInvis .   a - +0 flail
rCold    . . .     Gourm    .   c - +0 shield
rNeg     . . .     Faith    .   b - +0 scale mail
rPois    .         Spirit   .   (helmet restricted)
rElec    .         Reflect  .   (no cloak)
rCorr    .         Harm     .   (no gloves)
MR       .....                  (no boots)
Stlth    ..........             (no amulet)
HPRegen  0.18/turn              (no ring)
MPRegen  0.09/turn              (no ring)

@: no status effects
A: retaliatory headbutt, horns 2
a: no special abilities


You were on level 3 of the Dungeon.
You were not hungry.

You visited 1 branch of the dungeon, and saw 3 of its levels.

You collected 161 gold pieces.

Inventory:

Hand Weapons
 a - a +0 flail (weapon)
Armour
 b - a +0 scale mail (worn)
 c - a +0 shield (worn)
Jewellery
 j - an uncursed ring of fire {unknown}
 m - a +5 ring of intelligence {unknown}
Scrolls
 e - 4 scrolls of remove curse {unknown}
 g - 3 scrolls of identify {unknown}
 h - a scroll of fear {unknown}
 k - 2 scrolls of teleportation {unknown}
Potions
 d - a potion of ambrosia {unknown}
 i - 4 potions of curing {unknown}
 l - a potion of flight {unknown}
Comestibles
 f - 3 rations
 n - a chunk of flesh


   Skills:
 + Level 5.1 Fighting
 * Level 5.7 Maces & Flails
 - Level 3.6 Armour
 + Level 5.1 Shields


You had 5 spell levels left.
You didn't know any spells.
Your spell library contained the following spells:

 Spells                   Type           Power        Failure   Level  Hunger
 Beastly Appendage        Tmut           #.....       99%         1    ##.....
 Sticks to Snakes         Tmut           #.......     100%        2    ###....
 Spider Form              Tmut/Pois      #.........   100%        3    ####...
 Ice Form                 Ice/Tmut       #.......     100%        4    #####..
 Blade Hands              Tmut           #.........   100%        5    ######.


Dungeon Overview and Level Annotations

Branches:
Dungeon (3/15)

Altars:


Innate Abilities, Weirdness & Mutations

You reflexively headbutt those who attack you in melee.
You have a pair of horns on your head.


Message History

Beogh smites you!
You hit the orc priest.
The orc priest is almost dead.
A giant cockroach comes into view.
The orc priest closely misses you. You furiously retaliate!
You headbutt the orc priest.
The orc priest hits you but does no damage.
The orc hits you but does no damage.
The orc priest hits you but does no damage.
Found a stone staircase leading down.
The orc priest looks satisfied for a moment.
The orc priest calls down the wrath of Beogh upon you.
Beogh smites you!
* * * LOW HITPOINT WARNING * * *
You hit the orc.
The orc is lightly wounded.
You block the orc's attack.
The orc priest invokes the aid of Beogh against you.
Beogh smites you!
You die...

.............
#######....#..#
..............#
.........os..##
##+######).#o#####.#
#.....# #..#o.......
#.....# #..#o#####.#
#.....###..#o#
#..........#@#.###
#......##...........
##...............##..#
..................#
.##.
..................#
....
##.#.####.........#
..... #.#.
#.........##....
#.#+####...............
#.................#####


You could see 2 orc priests, 3 orcs and a giant cockroach.

Vanquished Creatures
  A hippogriff (D:2)
  Jessica (D:2)
  3 adders
  2 oozes
  3 worms
  5 leopard geckos
  5 giant cockroaches
  3 goblins
  2 jackals (D:1)
  A quokka (D:3)
  2 ball pythons (D:2)
  6 bats
  2 frilled lizards
  6 kobolds
  6 rats
48 creatures vanquished.

Notes
Turn   | Place    | Note
-------+----------+-------------------------------------------
     0 | D:1      | Mrkan the Minotaur Fighter began the quest for the Orb.
     0 | D:1      | Reached XP level 1. HP: 19/19 MP: 0/0
   161 | D:1      | Reached XP level 2. HP: 24/27 MP: 1/1
   703 | D:2      | Noticed a hippogriff
   710 | D:2      | Killed a hippogriff
   710 | D:2      | Reached skill level 5 in Maces & Flails
   710 | D:2      | Reached XP level 3. HP: 8/35 MP: 2/2
   710 | D:2      | Reached XP level 4. HP: 9/41 MP: 3/3
   710 | D:2      | Reached XP level 5. HP: 11/47 MP: 4/4
   905 | D:2      | Noticed Jessica
   918 | D:2      | Killed Jessica
   918 | D:2      | Reached skill level 5 in Fighting
   918 | D:2      | Reached skill level 5 in Shields
  1475 | D:3      | Reached XP level 6. HP: 53/56 MP: 5/5
  1642 | D:3      | Killed from afar by an orc priest

Skill      XL: |  1  2  3  4  5 |
---------------+----------------+-----
Maces & Flails | 3 5 |  5.7
Fighting       | 4 5 |  5.1
Shields        | 4 5 |  5.1
Armour         | |  3.6

Action                   |  1- 3 |  4- 6 || total
-------------------------+-------+-------++-------
Melee: Flail             |    46 |    74 ||   120
       Headbutt          |     8 |    11 ||    19
  Use: Potion            |     1 |       ||     1
  Eat: Chunk             |       |     2 ||     2
Armor: Scale mail        |    37 |    24 ||    61
Dodge: Dodged            |    19 |    22 ||    41
Block: Shield            |    29 |    35 ||    64
